 Dungeon Crawl Stone Soup version 0.32-a0-960-g3814254bd7 (webtiles) character file.

Game seed: 12276020551052180756

11071 Domino the Cleaver (level 11, 0/100 (101) HPs)
             Began as a Minotaur Fighter on Apr 17, 2024.
             Was a Follower of Qazlal.
             Slain by a spectral torpor snail (12 damage)
             ... in a Gauntlet.
             The game lasted 00:26:59 (18166 turns).

Domino the Cleaver (Minotaur Fighter)              Turns: 18166, Time: 00:27:00

HP:   0/100 (101)   AC: 22    Str: 25    XL:     11   Next: 44%
MP:   10/10         EV:  5    Int:  5    God:    Qazlal [*.....]
Gold: 1041          SH: 12    Dex: 10    Spells: 10/10 levels left

rFire   . . .        a - +1 war axe
rCold   . . .        g - +0 kite shield
rNeg    + . .        P - +0 plate armour
rPois   .            N - +0 hat {Stlth+}
rElec   .            i - scarf {repulsion}
rCorr   .            y - +1 pair of gloves
SInv    .            p - +0 pair of boots
Will    .....        H - amulet of the acrobat Stlth
                     s - ring of positive energy
HPRegen 0.36/turn    J - +4 ring of protection
MPRegen 0.12/turn

%: no teleportation, repel missiles, acrobat
@: mighty, slowed, lightly drained, very slow
A: horns 2, retaliatory headbutt
a: Renounce Religion


You were in a Gauntlet.
You worshipped Qazlal.
Qazlal was aware of your devotion.
You visited 3 branches of the dungeon, and saw 14 of its levels.
You also visited: Gauntlet.

You collected 1057 gold pieces.
You spent 16 gold pieces at shops.

Inventory:

Hand Weapons
 a - a +1 war axe (weapon)
 b - a +0 morningstar
   (You took it off an orc on level 7 of the Dungeon)
Missiles
 c - a curare-tipped dart
 u - 2 throwing nets
 x - 16 poisoned darts (quivered)
 L - 6 boomerangs
Armour
 g - a +0 kite shield (worn)
   (You found it on level 1 of the Dungeon)
 i - a scarf of repulsion (worn)
   (You found it in a Gauntlet)
 k - a +0 cloak
   (You found it on level 1 of the Dungeon)
 p - a +0 pair of boots (worn)
   (You found it on level 2 of the Dungeon)
 y - a +1 pair of gloves (worn)
   (You found it on level 7 of the Dungeon)
 N - a +0 hat of stealth (worn)
   (You took it off Gastronok on level 9 of the Dungeon)
 P - a +0 plate armour (worn)
   (You took it off an orc warrior on level 11 of the Dungeon)
Jewellery
 s - a ring of positive energy (left hand)
   (You found it on level 3 of the Dungeon)
 v - a ring of fire
   (You took it off an orc priest on level 4 of the Dungeon)
 z - a ring of see invisible
   (You found it on level 7 of the Dungeon)
 E - a +6 ring of dexterity
   (You found it on level 5 of the Dungeon)
 H - an amulet of the acrobat (around neck)
   (You found it on level 5 of the Dungeon)
 J - a +4 ring of protection (right hand)
   (You found it on level 6 of the Dungeon)
 K - an amulet of faith
   (You found it on level 6 of the Dungeon)
Wands
 M - a wand of roots (4)
   (You found it on level 9 of the Dungeon)
Scrolls
 f - a scroll of revelation
 h - 4 scrolls of teleportation
 j - a scroll of noise {unknown}
 n - 4 scrolls of summoning
 t - a scroll of brand weapon {unknown}
 C - 2 scrolls of enchant weapon
 G - a scroll of silence {unknown}
 I - a scroll of blinking {unknown}
 Q - a scroll of immolation {unknown}
Potions
 d - a potion of might
 e - 2 potions of curing
 l - 4 potions of invisibility
 m - a potion of enlightenment {unknown}
 o - 3 potions of heal wounds
 q - 2 potions of haste
 A - a potion of resistance {unknown}
 B - 2 potions of mutation
 D - 2 potions of lignification {unknown}
 F - a potion of attraction {unknown}
 O - a potion of berserk rage {unknown}


   Skills:
 + Level 10.5 Fighting
 * Level 13.9 Axes
 + Level 10.4 Armour
 + Level 10.4 Shields


You had 10 spell levels left.
You didn't know any spells.
Your spell library was empty.

Dungeon Overview and Level Annotations

Branches:
Dungeon (11/15) Zot: 24932  Temple (1/1) D:4 Zot: 5026    Lair (2/5) D:10 Zot: 11880
 Spider (0/4) Lair:2          Orc (0/2) D:9         Gauntlet (1/1) Zot: 5281
  Swamp: Lair:2-3    Shoals: Lair:2-3

Altars:
Ashenzari
Cheibriados
Dithmenos
Elyvilon
Fedhas
Gozag
Hepliaklqana
Kikubaaqudgha
Makhleb
Nemelex Xobeh
Okawaru
Qazlal
Ru
Sif Muna
Trog
Uskayaw
Vehumet
Wu Jian
Xom
Yredelemnul
Zin
The Shining One

Shops:
D:4 :[=[   D:9 *

Annotations:
Gauntlet 15 transporters


Innate Abilities, Weirdness & Mutations

You have a pair of horns on your head.
You reflexively headbutt those who attack you in melee.


Message History

You hit the spectral torpor snail. The death scarab bites you!
The death scarab drains your vigour!
You feel yourself slow down.
The death scarab draws strength from your injuries!
The death scarab bites you!
You hit the death scarab but do no damage.
You hit the spectral torpor snail. The death scarab bites you.
The spectral torpor snail bites you but does no damage.
You barely miss the death scarab. You headbutt the death scarab!
The death scarab is moderately damaged.
You slash the spectral torpor snail! The death scarab bites you!
The death scarab draws strength from your injuries!
The spectral torpor snail bites you but does no damage.
The death scarab bites you but does no damage.
You feel very mighty all of a sudden. The death scarab bites you!!
* * * LOW HITPOINT WARNING * * *
The death scarab drains your vigour!
You feel as though you will be slow longer.
The death scarab draws strength from your injuries!
You block the spectral torpor snail's attack.
You barely miss the death scarab. You slice the spectral torpor snail!!
The death scarab bites you.
* * * LOW HITPOINT WARNING * * *
The death scarab drains your vigour!
You feel as though you will be slow longer.
The death scarab draws strength from your injuries!
You block the death scarab's attack. The spectral torpor snail bites you.
* * * LOW HITPOINT WARNING * * *
You block the death scarab's attack.
You hit the death scarab.
The death scarab is lightly damaged.
You hit the spectral torpor snail. The death scarab bites you!
* * * LOW HITPOINT WARNING * * *
The death scarab drains your vigour!
You feel as though you will be slow longer.
The death scarab draws strength from your injuries!
The death scarab bites you.
* * * LOW HITPOINT WARNING * * *
You block the death scarab's attack. The spectral torpor snail bites you!
You die...

EhE#.#........h#.#WWW≈WW.≈.#.#.#x
#################################
..........©...........©#≈≈≈≈ߧ§≈§
##########.######################
.........#.#≈§ß≈≈#©.........©....
.........#.######################
#######..#.#.........#.#....©....
#ß# #ß#..#.#.#.B.Z.#.#.#.........
### ###..#.#[.##@##..#.#.........
#..#.#..##.##..#.#.........
###..#©#©.#.©.#..#.#....©....
#ß#..###..##.##..#.#.........
###....#?.##.##..#.#.........
#....#.#.....#.#.#.........
###..#........B#.#.........
#ß#..###########.##########
###...................©....


You could see a spectral torpor snail and a death scarab.

Vanquished Creatures
  Gastronok (D:9)
  A two-headed ogre (D:10)
  Lodul (D:10)
  A cyclops (D:10)
  A cane toad (Lair:2)
  A rime drake (D:10)
  Jeremiah (D:8)
  A kobold demonologist (D:10)
  An ice devil (Gauntlet)
  Grinder (D:4)
  Sigmund (D:5)
  A wraith (D:9)
  11 yaks
  2 steam dragons
  An acid dragon (D:11)
  3 water moccasins
  An orc warrior (D:11)
  7 ice beasts
  A sky beast (D:8)
  8 ogres
  3 wolves (D:10)
  5 centaurs
  A phantom (D:5)
  5 bullfrogs
  2 kobold brigands
  2 scorpions
  5 wights (D:6)
  6 killer bees (D:9)
  A bombardier beetle (D:5)
  7 crimson imps (D:8)
  7 orc priests
  3 hounds
  4 jellies
  3 iguanas
  3 orc wizards
  Robin (D:4)
  9 adders
  A shadow imp (D:6)
  7 white imps
  4 ufetubi
  3 dart slugs
  2 ribbon worms
  35 orcs
  10 endoplasms
  A giant cockroach (D:2)
  17 goblins
  11 hobgoblins
  12 kobolds
  3 quokkas
  6 ball pythons
  5 bats
  2 frilled lizards
  3 rats
235 creatures vanquished.

Notes
Turn   | Place    | Note
-------+----------+-------------------------------------------
     0 | D:1      | Domino the Minotaur Fighter began the quest for the Orb.
     0 | D:1      | Reached XP level 1. HP: 19/19 MP: 0/0
   214 | D:1      | Reached XP level 2. HP: 27/27 MP: 1/1
   493 | D:1      | Reached skill level 3 in Axes
  1139 | D:2      | Reached XP level 3. HP: 33/33 MP: 2/2
  1666 | D:2      | Reached XP level 4. HP: 30/40 MP: 3/3
  2007 | D:2      | Reached skill level 4 in Axes
  2313 | D:3      | Found a shimmering blue altar of Sif Muna.
  2637 | D:4      | Noticed Grinder
  3140 | D:4      | Paralysed by Grinder for 4 turns
  3606 | D:4      | Found a staircase to the Ecumenical Temple.
  3617 | Temple   | Entered the Ecumenical Temple
  3787 | Temple   | Reached XP level 5. HP: 28/47 MP: 4/4
  4730 | D:4      | Found Pomatar's Armour Shoppe.
  4958 | D:4      | Paralysed by Grinder for 2 turns
  4968 | D:4      | Found Ablit's Jewellery Boutique.
  5002 | D:4      | Paralysed by Grinder for 3 turns
  5276 | D:4      | Paralysed by Grinder for 4 turns
  5281 | D:4      | Paralysed by Grinder for 2 turns
  5285 | D:4      | Killed Grinder
  5286 | D:4      | Reached skill level 5 in Fighting
  5286 | D:4      | Reached skill level 5 in Axes
  5286 | D:4      | Reached skill level 5 in Armour
  5286 | D:4      | Reached skill level 5 in Shields
  5286 | D:4      | Reached XP level 6. HP: 30/56 MP: 5/5
  5766 | D:4      | You fall into a shaft and drop 3 floors!
  5846 | D:7      | Reached skill level 6 in Axes
  5931 | D:7      | Reached XP level 7. HP: 48/61 MP: 6/6
  6577 | D:5      | Entered Level 5 of the Dungeon
  6600 | D:5      | Identified the +0 falchion of Uvvezog {holy, Will++}
  6815 | D:5      | Reached skill level 7 in Axes
  7419 | D:5      | Noticed Sigmund
  7776 | D:4      | Found Hoapuf's Book Shoppe.
  7777 | D:4      | Noticed Robin
  7797 | D:4      | Killed Robin
  7798 | D:4      | Reached XP level 8. HP: 62/70 MP: 7/7
  7869 | D:4      | Found Pisygil's Antique Armour Shop.
  8064 | D:5      | Killed Sigmund
  8140 | D:5      | Reached skill level 8 in Axes
  9219 | D:6      | Found a white marble altar of Elyvilon.
  9424 | D:6      | Reached skill level 9 in Axes
  9635 | D:6      | Found a broken altar of Ashenzari.
  9636 | D:6      | Found a hide-covered altar of Uskayaw.
  9684 | D:6      | Found a snail-covered altar of Cheibriados.
 10101 | D:7      | Reached XP level 9. HP: 79/79 MP: 8/8
 10462 | D:7      | Found a glowing golden altar of the Shining One.
 11063 | D:8      | Reached skill level 10 in Axes
 11064 | D:8      | Found an opulent altar of Gozag.
 11332 | D:8      | Noticed Jeremiah
 11998 | D:8      | Killed Jeremiah
 12688 | D:8      | Reached skill level 11 in Axes
 13062 | D:8      | Reached XP level 10. HP: 90/90 MP: 9/9
 13569 | D:9      | Found Veorawas's General Store.
 13584 | D:9      | Bought a potion of degeneration for 16 gold pieces
 14032 | D:9      | Noticed Gastronok
 14054 | D:9      | Killed Gastronok
 14055 | D:9      | Reached skill level 12 in Axes
 14563 | D:9      | Found a staircase to the Orcish Mines.
 15173 | D:10     | Entered Level 10 of the Dungeon
 15294 | D:10     | Found a stormy altar of Qazlal.
 15300 | D:10     | Became a worshipper of Qazlal Stormbringer
 15776 | D:10     | Reached skill level 13 in Axes
 15780 | D:10     | Noticed Lodul
 15796 | D:9      | Reached XP level 11. HP: 92/99 MP: 10/10
 16056 | D:10     | Noticed a two-headed ogre
 16074 | D:10     | Killed a two-headed ogre
 16075 | D:10     | Reached skill level 10 in Fighting
 16075 | D:10     | Reached skill level 10 in Armour
 16075 | D:10     | Reached skill level 10 in Shields
 16299 | D:10     | Reached * piety under Qazlal
 16676 | D:10     | Found a staircase to the Lair.
 17229 | D:10     | Killed Lodul
 17326 | Lair:1   | Entered Level 1 of the Lair of Beasts
 17439 | Lair:2   | Found a gate leading to a gauntlet.
 17449 | Gauntlet | Entered a Gauntlet
 17449 | Gauntlet | Found a transporter.
 17458 | Gauntlet | Found the +3 Mad Mage's Maulers {Infuse+∞ VampMP -Cast}
 17462 | Gauntlet | Found a transporter.
 17473 | Gauntlet | Found a transporter.
 17478 | Gauntlet | Found a transporter.
 17483 | Gauntlet | Noticed a wolf spider
 17495 | Gauntlet | Found a transporter.
 17502 | Gauntlet | Noticed a cacodemon
 17516 | Gauntlet | Found a transporter.
 17522 | Gauntlet | Noticed a wretched star
 17525 | Gauntlet | Found a transporter.
 17537 | Gauntlet | Found a transporter.
 17545 | Gauntlet | Noticed a hell hog
 17549 | Gauntlet | Found a transporter.
 17561 | Gauntlet | Found a transporter.
 17580 | Gauntlet | Found a transporter.
 17595 | Gauntlet | Found a transporter.
 17597 | Gauntlet | Found a transporter.
 17601 | Gauntlet | Noticed a death scarab
 17623 | Gauntlet | Found a transporter.
 17625 | Gauntlet | Found a transporter.
 17645 | Gauntlet | Found a transporter.
 17747 | Gauntlet | Found a transporter.
 17747 | Gauntlet | Found a transporter.
 18166 | Gauntlet | Slain by a spectral torpor snail

Illustrated notes

Levels and vault maps discovered:
D:1:      minmay_arrival_shoal_huts, layout_loops_ring
D:2:      layout_loops_cross
D:3:      layout_loops_ring, lemuel_blue_sif_altar
D:4:      layout_rooms, temple_pool_b, serial_shops, nicolae_square_shop,
          nicolae_shop_tiny_real_fake_doors, shop, shop, minivault_23,
          uniq_robin, uniq_grinder
D:5:      layout_gridville, uniq_sigmund
D:6:      layout_basic, elyvilon_altar_1, gammafunk_temple_overflow_pools,
          lemuel_crystal_altar
D:7:      layout_loops_ring, tso_altar
D:8:      layout_basic, nicolae_overflow_crystal_walls, minmay_nine_imps,
          uniq_jeremiah
D:9:      layout_basic, orc_0_dummy, serial_shops, shop, uniq_gastronok
D:10:     layout_cave_pools, mainiacjoe_overflow_six_doors_small,
          hellmonk_lair_entry_icy, uniq_lodul
D:11:     layout_layer_cave
Temple:   nicolae_temple_ecumenical_triangle
Lair:1:   layout_chaotic_city, grunt_megastairs_1, uniq_nergalle
Lair:2:   layout_layer_cave, spider_nest_entry_rubble, gauntlet_entry_generic,
          nicolae_lair_grazing_beasts [nicolae_sub_lair_graze_edge,
          nicolae_sub_lair_graze_edge, nicolae_sub_lair_graze_edge,
          nicolae_sub_lair_graze_edge]
Gauntlet: gammafunk_gauntlet_one_two_three [gammafunk_gauntlet_arena_open,
          nicolae_gauntlet_arena_blocks, gammafunk_gauntlet_arena_split_diamond,
          gammafunk_gauntlet_arena_split_x, gammafunk_gauntlet_arena_hedges,
          nicolae_gauntlet_arena_flowing_pool, gammafunk_gauntlet_arena_crates,
          gammafunk_gauntlet_arena_spirals, gammafunk_gauntlet_arena_teeth,
          gauntlet_exit_hidden_loot]

Skill      XL: |  1  2  3  4  5  6  7  8  9 10 11 |
---------------+----------------------------------+-----
Axes           | 3 4 5 6 7 9 11 13 | 13.9
Armour         | 4 5 6 7 8 9 10 | 10.4
Fighting       | 4 5 6 7 8 9 10 | 10.5
Shields        | 4 5 6 7 8 9 10 | 10.4

Action                     |  1- 3 |  4- 6 |  7- 9 | 10-12 || total
---------------------------+-------+-------+-------+-------++-------
  Melee: War axe           |    69 |   116 |   311 |   217 ||   713
         Headbutt          |     8 |    19 |    50 |    51 ||   128
  Throw: Dart              |       |       |       |     6 ||     6
    Use: Scroll            |       |     1 |     3 |     7 ||    11
         Potion            |       |       |     1 |     1 ||     2
 Armour: Scale mail        |    57 |    92 |   111 |       ||   260
         Chain mail        |       |       |    90 |    90 ||   180
         Plate armour      |       |       |       |    76 ||    76
  Dodge: Dodged            |    35 |    63 |   134 |    96 ||   328
  Block: Buckler           |    25 |    32 |    35 |       ||    92
         Kite shield       |       |       |    69 |   119 ||   188

Table legend: (Time is in decaauts)
 A = Elapsed time spent in this place.
 B = Non-inter-level travel time spent in this place.
 C = Inter-level travel time spent in this place.
 D = Time resting spent in this place.
 E = Time spent auto-exploring this place.
 F = Levels seen in this place.
 G = Mean time per level.
                   A        B        C        D        E       F      G
               +--------+--------+--------+--------+--------+-----+--------+
         Total |  18286 |  17270 |   1016 |   8820 |   5363 |  15 | 1219.1 |
       Dungeon |  16475 |  15461 |   1014 |   7858 |   5065 |  11 | 1497.7 |
        Temple |    973 |    972 |      1 |    946 |      0 |   1 |  973.0 |
          Lair |    119 |    119 |      0 |     16 |      0 |   2 |   59.5 |
      Gauntlet |    717 |    717 |      0 |      0 |    298 |   1 |  717.0 |
               +--------+--------+--------+--------+--------+-----+--------+

Top non-repeatable levels by time:
     D:9: 2441 daAuts
     D:8: 2322 daAuts
     D:3: 1751 daAuts
     D:4: 1715 daAuts
     D:5: 1634 daAuts
     D:6: 1503 daAuts
    D:10: 1494 daAuts
     D:7: 1328 daAuts
     D:1: 1026 daAuts
     D:2: 1020 daAuts
  Temple: 973 daAuts
Gauntlet: 717 daAuts
    D:11: 236 daAuts
  Lair:1: 70 daAuts
  Lair:2: 48 daAuts
